AoeStats
← schmeno

Arabia

510645383Analyzed
1v1 RM · 1d ago on Oct 2, 2026· 65m 31s· 2 players
Game mode
Random Map
Map size
Tiny (2 player)
Population
200
Speed
Normal
Resources
Standard
Victory
Conquest
Starting age
Dark Age
Ending age
Imperial Age
RankedLock teamsTeams togetherTeam positionsShared explorationLock speedFull tech treeHidden civsTurbo modeCheats
Victory
Defeat
🇺🇸 Saxons · United States
1183
+15
🇨🇴 Varangians · Colombia
1160
-15
(COLG) LORD PETROVSKY
5:51 Loom
6:32 Loom
8:58 Feudal Age
9:25 Double-Bit Axe
10:54 Town Watch
20:56 Castle Age
19:24 Scale Barding Armor
20:17 Forging
31:03 Fletching
36:49 Imperial Age
42:05 Bodkin Arrow
47:40 Ballistics
47:41 Guard Tower
52:29 Chemistry
51:45 Padded Archer Armor
54:30 Husbandry
53:51 Light Cavalry
58:08 Heavy Scorpion
schmeno
10:15 Feudal Age
11:17 Loom
14:28 Castle Age
14:31 Forging
14:39 Scale Mail Armor
16:05 Double-Bit Axe
18:25 Horse Collar
20:48 Chain Mail Armor
26:28 Gold Mining
27:37 Fletching
34:43 Imperial Age
33:24 Bodkin Arrow
34:47 Bow Saw
36:05 Bracer
36:40 Ballistics
38:38 Crossbowman
40:02 Thumb Ring
39:39 Arbalester
40:56 Padded Archer Armor
42:15 Chemistry
41:58 Scale Barding Armor
42:18 Capped Ram
44:08 Bloodlines
45:22 Light Cavalry
48:51 Wheelbarrow
48:04 Town Watch
48:52 Chain Barding Armor
49:07 Iron Casting
48:53 Hussar
50:08 Stone Mining
50:41 Arrowslits
52:48 Siege Engineers
52:47 Guard Tower
52:56 Onager
55:01 Block Printing
56:22 Redemption
57:43 Clerical Recruitment
59:45 Sanctity
59:52 Illumination
60:13 Theocracy
Connection lost

Rejoining the realm…

Still unreachable

The connection could not be restored.

Session expired

The server has moved on; the page needs a fresh start.